 Dungeon Crawl Stone Soup version 0.31.0-11-ge490571c62 (webtiles) character file.

Game seed: 16113869863969473561

16 Arcadio the Sneak (level 2, 0/26 HPs)
             Began as a Draconian Delver on Jan 30, 2024.
             Slain by an adder (3 damage)
             ... on level 4 of the Dungeon.
             The game lasted 00:00:36 (227 turns).

Arcadio the Sneak (Draconian Delver)                 Turns: 227, Time: 00:00:37

Health: 0/26       AC:  4    Str: 14    XL:     2   Next: 37%
Magic:  2/2        EV: 12    Int: 10    God:
Gold:   14         SH:  0    Dex: 12    Spells: 1/1 levels left

rFire   . . .        a - +0 mace
rCold   . . .        (no shield)
rNeg    . . .        (body armour unavailable)
rPois   .            (helmet restricted)
rElec   .            (no cloak)
rCorr   .            (no gloves)
SInv    .            (no boots)
Will    .....        (no amulet)
Stlth   +++          (no ring)
HPRegen 0.24/turn    (no ring)
MPRegen 0.08/turn

%: no passive effects
@: lethally poisoned (0 -> -3)
A: AC +4, unfitting armour, cold-blooded
a: no special abilities


You were on level 4 of the Dungeon.
You visited 1 branch of the dungeon, and saw 3 of its levels.

You collected 14 gold pieces.

Inventory:

Hand Weapons
 a - a +0 mace (weapon)
Wands
 f - a wand of digging (3)
Scrolls
 b - a scroll of fog
 c - a scroll of revelation
 d - a scroll of fear
 g - a scroll of enchant armour {unknown}
 i - a scroll of immolation {unknown}
Potions
 e - a potion of haste


   Skills:
 + Level 3.6 Fighting
 + Level 2.3 Maces & Flails
 + Level 2.1 Dodging
 - Level 4.5 Stealth


You had one spell level left.
You didn't know any spells.
Your spell library was empty.

Dungeon Overview and Level Annotations

Branches:
Dungeon (5/15)
 Temple: D:4-7

Altars:


Innate Abilities, Weirdness & Mutations

Your plain brown scales are hard. (AC +4)
You cannot fit into any form of body armour.
You are cold-blooded and may be slowed by cold attacks.


Message History

The kobold shouts!
The kobold throws a poisoned dart.
The poisoned dart hits you!
You are poisoned.
You feel very sick.
The kobold throws a poisoned dart.
The poisoned dart barely misses you.
You feel sick.
A goblin comes into view. It is wielding a +0 dagger.
You feel sick.
The goblin shouts!
You hit the kobold.
You kill the kobold!
You feel sick.
You feel sick.
An adder comes into view.
Things that are here:
a +0 whip; 6 poisoned darts You feel sick.
The goblin hits you but does no damage.
The adder hisses angrily.
You hit the goblin.
The goblin is heavily wounded.
You feel sick.
You are no longer poisoned.
The goblin hits you but does no damage. x2
You thump the goblin!
You kill the goblin!
You hit the adder.
The adder is heavily wounded.
The adder bites you.
You are poisoned.
The adder poisons you! The adder bites you but does no damage.
You miss the adder.
The adder is heavily wounded.
You feel very sick. The adder bites you.
* * * LOW HITPOINT WARNING * * *
You miss the adder.
Your tail-slap misses the adder.
The adder is heavily wounded.
* * * LOW HITPOINT WARNING * * *
You feel sick. The adder bites you but does no damage. The adder bites you.
You die...

#...............
#...............
#...............
##..###..##+####
#
#..###..##.####.#
#................
#......†.....[...
#........)S......
+........@.##...#
#........).# ..#
#............ ..
+....?.........
#...##[....##....
##+ #.....# .<..
......# ...
#......# ..


You could see an adder.

Vanquished Creatures
  An adder (D:4)
  A ribbon worm (D:4)
  An endoplasm (D:4)
  A goblin (D:4)
  A ball python (D:4)
  A kobold (D:4)
6 creatures vanquished.

Notes
Turn   | Place    | Note
-------+----------+-------------------------------------------
     0 | D:5      | Arcadio the Draconian Delver began the quest for the Orb.
     0 | D:5      | Reached XP level 1. HP: 19/19 MP: 1/1
   139 | D:4      | Reached XP level 2. HP: 5/26 MP: 2/2
   142 | D:4      | HP: 1/26 [poisoned by an adder]
   227 | D:4      | Slain by an adder

Illustrated notes

Levels and vault maps discovered:
D:3:      layout_basic, mainiacjoe_overflow_paths, okawaru_gym_becter,
          uniq_natasha
D:4:      layout_gridville
D:5:      lemuel_ratsnest, layout_basic, nicolae_wu_jian_wuxing_cycle,
          xom_redecorated, demons_altar, amcnicky_mini_corridor_feature,
          small_statue_intersection

Skill      XL: |  1 |
---------------+----+-----
Dodging        | 2 |  2.1
Fighting       | |  3.6
Maces & Flails | |  2.3
Stealth        | |  4.5

Action                     || total
---------------------------++-------
  Melee: Mace              ||    23
         Tailslap          ||     2
    Use: Potion            ||     1
 Armour: Skin              ||    23
  Dodge: Dodged            ||    10
